AoeStats
← Red Calypso

Arena

510398800Analyzed
4v4 RM · 18h ago on Sep 30, 2026· 55m 16s· 8 players
Game mode
Random Map
Map size
Large (8 player)
Population
200
Speed
Normal
Resources
Standard
Victory
Conquest
Starting age
Dark Age
Ending age
Imperial Age
RankedLock teamsTeams togetherTeam positionsShared explorationLock speedFull tech treeHidden civsTurbo modeCheats
Victory
Defeat
🇺🇸 Cumans · United States
1383
+15
🇺🇸 Khitans · United States
1368
+16
🇺🇸 Saracens · United States
1364
+16
🇺🇸 Britons · United States
1266
+21
🇦🇹 Britons · Austria
1431
-20
🇨🇦 Varangians · Canada
1396
-18
🇨🇱 Italians · Chile
1329
-15
🇩🇪 Franks · Germany
1319
-15
GOAT Gobz
10:30 Feudal Age
14:25 Castle Age
12:37 Double-Bit Axe
13:26 Horse Collar
15:44 Bow Saw
18:03 Loom
19:35 Wheelbarrow
22:22 Heavy Plow
23:57 Hand Cart
25:27 Scale Mail Armor
25:38 Forging
25:58 Squires
26:38 Chain Mail Armor
27:53 Iron Casting
33:08 Imperial Age
30:31 Fletching
32:14 Coinage
31:54 Scale Barding Armor
32:40 Town Watch
33:33 Chain Barding Armor
33:08 Bodkin Arrow
35:11 Blast Furnace
34:50 Conscription
33:51 Elite Jarl
34:53 Guilds
35:24 Plate Mail Armor
38:34 Stone Mining
38:34 Gold Mining
40:16 Two-Man Saw
40:15 Plate Barding Armor
40:44 Ballistics
40:36 Fortified Wall
40:05 Pikeman
40:32 Arson
40:52 Halberdier
44:33 Chemistry
43:13 Treadmill Crane
43:45 Masonry
43:41 Siege Engineers
43:33 Murder Holes
43:28 Guard Tower
43:46 Bracer
47:06 Architecture
46:58 Treadmill Crane
49:31 Gambesons
Red Calypso
9:56 Feudal Age
11:51 Loom
15:20 Castle Age
18:28 Town Watch
23:23 Fletching
25:04 Wheelbarrow
40:22 Scale Mail Armor
40:32 Forging
42:39 Yeomen
45:35 Imperial Age
43:36 Bodkin Arrow
43:41 Padded Archer Armor
44:09 Pikeman
44:51 Squires
45:53 Ballistics
45:06 Elite Skirmisher
45:10 Crossbowman
46:48 Bracer
49:36 Leather Archer Armor
52:13 Ring Archer Armor
52:47 Chemistry
54:09 Arbalester
[FUCKI] Obi-One Canboneme
11:29 Feudal Age
15:27 Castle Age
13:29 Double-Bit Axe
15:38 Loom
17:52 Bow Saw
18:20 Gold Mining
30:59 Imperial Age
28:56 Stone Mining
30:11 Wheelbarrow
30:19 Gold Shaft Mining
33:48 Hand Cart
36:38 Conscription
38:30 Forging
38:26 Scale Barding Armor
39:15 Light Cavalry
39:56 Husbandry
39:27 Cavalier
41:42 Chain Barding Armor
41:58 Iron Casting
-DOKO-
10:09 Feudal Age
15:03 Castle Age
13:00 Double-Bit Axe
13:45 Horse Collar
16:15 Bow Saw
17:06 Loom
21:01 Crossbowman
22:21 Fletching
23:44 Wheelbarrow
22:55 Town Watch
24:28 Heavy Plow
25:49 Bodkin Arrow
30:42 Imperial Age
29:13 Ballistics
30:58 Thumb Ring
30:54 Padded Archer Armor
30:44 Arbalester
31:29 Bracer
32:30 Chemistry
32:32 Conscription
34:24 Gold Mining
40:37 Leather Archer Armor
46:46 Ring Archer Armor
Freestyle98
10:38 Feudal Age
12:25 Double-Bit Axe
13:16 Loom
16:57 Castle Age
15:32 Stone Mining
16:05 Domestication
18:18 Bow Saw
23:30 Scale Mail Armor
25:11 Forging
31:20 Wheelbarrow
35:29 Iron Casting
40:21 Imperial Age
38:59 Chain Mail Armor
39:47 Squires
39:33 Arson
40:33 Hand Cart
41:24 Conscription
42:12 Capped Ram
42:46 Elite Liao Dao
44:11 Scale Barding Armor
44:38 Plate Mail Armor
47:15 Lamellar Armor
snowball I
8:58 Feudal Age
10:56 Double-Bit Axe
12:52 Horse Collar
18:41 Gold Mining
21:22 Castle Age
20:14 Scale Barding Armor
20:19 Forging
20:04 Loom
20:54 Wheelbarrow
20:05 Town Watch
21:14 Bloodlines
22:28 Chain Barding Armor
22:47 Gold Shaft Mining
22:15 Heavy Plow
22:35 Bow Saw
22:16 Light Cavalry
24:28 Iron Casting
28:46 Hand Cart
36:28 Imperial Age
37:18 Cavalier
37:18 Hussar
39:01 Two-Man Saw
38:38 Crop Rotation
38:00 Stone Mining
38:47 Paladin
40:03 Steppe Husbandry
40:23 Conscription
41:11 Plate Barding Armor
41:41 Blast Furnace
killnooby
10:48 Feudal Age
16:09 Castle Age
14:37 Double-Bit Axe
14:35 Horse Collar
15:33 Wheelbarrow
15:16 Stone Mining
17:28 Bow Saw
21:33 Gold Mining
22:07 Heavy Plow
24:14 Gold Shaft Mining
26:11 Hand Cart
30:17 Imperial Age
27:42 Fletching
28:17 Loom
28:53 Bodkin Arrow
28:59 Padded Archer Armor
29:09 Forging
29:00 Scale Mail Armor
29:25 Ballistics
28:46 Treadmill Crane
29:17 Fortified Wall
30:41 Yeomen
31:07 Leather Archer Armor
32:27 Chemistry
31:55 Conscription
32:03 Bracer
33:22 Two-Man Saw
33:23 Pikeman
34:07 Squires
33:53 Gambesons
34:46 Iron Casting
34:43 Ring Archer Armor
35:42 Iron Casting
38:01 Blast Furnace
38:47 Warwolf
38:29 Elite Longbowman
38:58 Halberdier
39:23 Arson
39:54 Warwolf
45:37 Siege Engineers
45:42 Masonry
46:07 Chain Mail Armor
SlickPOPI
10:51 Feudal Age
12:40 Loom
15:33 Castle Age
14:12 Double-Bit Axe
14:09 Horse Collar
18:16 Bow Saw
21:44 Town Watch
24:33 Wheelbarrow
24:06 Fletching
29:46 Hand Cart
33:57 Imperial Age
32:47 Heavy Plow
33:57 Bodkin Arrow
34:10 Scale Barding Armor
35:26 Conscription
36:26 Chain Barding Armor
36:17 Forging
36:33 Bodkin Arrow
36:54 Bloodlines
36:44 Husbandry
36:05 Light Cavalry
38:21 Hussar
39:45 Plate Barding Armor
39:48 Iron Casting
41:23 Ballistics
41:09 Heavy Camel Rider
44:23 Two-Man Saw
47:46 Masonry
47:47 Fortified Wall
47:43 Siege Engineers
49:52 Gold Mining
49:52 Stone Mining
52:40 Conscription
53:00 Hoardings
51:46 Elite Mameluke
53:50 Counterweights
Connection lost

Rejoining the realm…

Still unreachable

The connection could not be restored.

Session expired

The server has moved on; the page needs a fresh start.